 Dungeon Crawl Stone Soup version 0.28-a0-128-gcbb86046cc (webtiles) character file.

Game seed: 907351836005991725

1 Spaninq the Skirmisher (level 1, -1/22 HPs)
             Began as an Ogre Warper on Aug 15, 2021.
             Slain by a gnoll (7 damage)
             ... on level 1 of the Dungeon.
             The game lasted 00:00:35 (86 turns).

Spaninq the Skirmisher (Ogre Warper)                  Turns: 86, Time: 00:00:36

Health: -1/22      AC:  4    Str: 14    XL:     1   Next: 20%
Magic:  3/3        EV:  9    Int: 14    God:
Gold:   0          SH:  0    Dex:  8    Spells: 4/4 levels left

rFire   . . .      SeeInvis .   a - +0 hand axe
rCold   . . .      Faith    .   (no shield)
rNeg    . . .      Spirit   .   b - +0 robe
rPois   .          Reflect  .   (helmet restricted)
rElec   .          Harm     .   e - +0 cloak
rCorr   .          Rampage  .   (gloves unavailable)
Will    .....                   (boots unavailable)
Stlth   +.........              (no amulet)
HPRegen 0.07/turn               (no ring)
MPRegen 0.08/turn               (no ring)

@: no status effects
A: large, unfitting armour, tough skin 1
a: no special abilities


You were on level 1 of the Dungeon.
You visited 1 branch of the dungeon, and saw 1 of its levels.

Inventory:

Hand Weapons
 a - a +0 hand axe (weapon)
Missiles
 d - 5 boomerangs of dispersal (quivered)
Armour
 b - a +0 robe (worn)
 e - a +0 cloak (worn)
Scrolls
 c - a scroll of blinking


   Skills:
 + Level 2.7 Fighting
 * Level 2.1 Axes
 - Level 1.0 Throwing
 - Level 2.1 Dodging
 - Level 2.4 Spellcasting
 - Level 2.6 Translocations


You had 4 spell levels left.
You didn't know any spells.
Your spell library contained the following spells:

 Spells                   Type           Power      Damage    Failure   Level
 Blink                    Tloc           N/A        N/A       12%         2
 Gell's Gravitas          Tloc           4%         N/A       22%         3
 Lesser Beckoning         Tloc           4%         N/A       22%         3
 Teleport Other           Tloc           9%         N/A       22%         3
 Manifold Assault         Tloc           9%         N/A       91%         5


Dungeon Overview and Level Annotations

Branches:
Dungeon (1/15)

Altars:


Innate Abilities, Weirdness & Mutations

You are too large for most types of armour.
You have tough skin. (AC +1)


Message History

You open the door.
There is an open door here.
Found a cloak.
You see here a +0 cloak.
e - a +0 cloak You start putting on your armour.
You continue putting on your +0 cloak. x4
You finish putting on your +0 cloak.
Found a mace.
A gnoll comes into view. It is wielding a +0 flail.
The gnoll shouts!
The gnoll barely misses you.
You hit the gnoll but do no damage. The gnoll hits you with a +0 flail!
You hit the gnoll.
The gnoll is moderately wounded.
The gnoll closely misses you. The gnoll hits you with a +0 flail!
A giant cockroach comes into view.
The giant cockroach moves out of view.
The gnoll hits you with a +0 flail.
* * * LOW HITPOINT WARNING * * *
The giant cockroach bites you but does no damage.
You hit the giant cockroach.
The giant cockroach is severely wounded.
The giant cockroach barely misses you.
You barely miss the giant cockroach.
The giant cockroach is severely wounded.
The giant cockroach closely misses you. x2
You hit the giant cockroach.
The giant cockroach is almost dead.
The giant cockroach barely misses you.
You hit the giant cockroach but do no damage.
The giant cockroach is almost dead.
The giant cockroach bites you but does no damage.
The giant cockroach barely misses you.
You hit the giant cockroach but do no damage.
The giant cockroach is almost dead.
The giant cockroach bites you but does no damage.
You hit the giant cockroach.
You kill the giant cockroach!
The gnoll hits you with a +0 flail!
You die...

#..............#
#.###.##.......#
#.##.......#
#.##.......#
.##.###.##.......#
...............#.#
.##.###.########B#
.##.###.########.#
.........†..g@...#
#########.#########
#.≈≈PP≈.'.#
#.≈≈≈≈≈.#.#
#≈PP≈≈..#.#
#≈....P≈#.#
#.#.≈≈.≈#.#
#.#≈≈≈P.#.#
#<#P≈≈≈≈+.#


You could see a gnoll.

Vanquished Creatures
  A giant cockroach (D:1)
1 creature vanquished.

Notes
Turn   | Place    | Note
-------+----------+-------------------------------------------
     0 | D:1      | Spaninq the Ogre Warper began the quest for the Orb.
     0 | D:1      | Reached XP level 1. HP: 22/22 MP: 3/3
    86 | D:1      | Slain by a gnoll

Illustrated notes

Levels and vault maps discovered:
D:1:      lightli_arrival_flooded_house, layout_basic, minmay_box_of_dots

Action                   || total
-------------------------++-------
Melee: Hand axe          ||     8
Armor: Robe              ||     3
Dodge: Dodged            ||     7

Table legend: (Time is in decaauts)
 A = Elapsed time spent in this place.
 B = Non-inter-level travel time spent in this place.
 C = Inter-level travel time spent in this place.
 D = Time resting spent in this place.
 E = Time spent auto-exploring this place.
 F = Levels seen in this place.
 G = Mean time per level.
                   A        B        C        D        E       F      G
               +--------+--------+--------+--------+--------+-----+--------+
         Total |     88 |     88 |      0 |      0 |     22 |   1 |   88.0 |
       Dungeon |     88 |     88 |      0 |      0 |     22 |   1 |   88.0 |
               +--------+--------+--------+--------+--------+-----+--------+

Top non-repeatable levels by time:
     D:1: 88 daAuts
